Map: Catallena LE (Void)

Players

OverIT

  • Race: Protoss Protoss
  • League: Gold
  • Spawn Location: 12:00

Juxtapose - Winner!

  • Race: Terran Terran
  • League: Gold
  • Spawn Location: 9:00

VOD

https://youtu.be/VHrZ0daxxps

Description

This is my 100th Ranked match for 2017 Season 3, and quite possibly my last before the Season concludes this coming Thursday.

I got Terran, my worst Race, but I was improving in the Terran vs Protoss match up, and with it looking like my opponent was not teching aggressively I decided to get some Cyclones with basic Marines and push from there.

Time

  • Played on: Nov. 12, 2017, 3:41 p.m.
  • Length: 6:59
Show
View Real Time Build Order
Export as new Build Order

OverIT Protoss 

Build Orders:  

Get SALT Encoding   

  12  0:01  Probe (Chrono Boost)  
  13  0:13  Pylon  
  13  0:18  Probe (Chrono Boost)  
  14  0:27  Assimilator  
  14  0:31  Probe (Chrono Boost)  
  15  0:42  Gateway  
  15  0:46  Probe (Chrono Boost)  
  16  0:56  Probe (Chrono Boost)  
  17  1:05  Assimilator  
  17  1:16  Pylon  
  17  1:21  Probe (Chrono Boost)  
  18  1:31  Probe (Chrono Boost)  
  19  1:34  Zealot (Chrono Boost)  
  21  1:43  Probe  
  21  1:45  Cybernetics Core  
  22  1:49  Pylon  
  22  1:55  Probe  
  23  2:09  Pylon  
  23  2:27  Nexus  
  23  2:31  Warp Gate (Chrono Boost)  
  23  2:41  Gateway  
  23  2:45  Probe  
  24  2:58  Pylon, Probe  
  25  3:05  Assimilator  
  25  3:10  Probe  
  26  3:16  Stargate  
  26  3:24  Mothership Core (Chrono Boost)  
  28  3:30  Sentry  
  30  3:39  Probe (Chrono Boost)  
  31  3:49  Probe (Chrono Boost)  
  31  3:52  Probe (Chrono Boost)  
  33  4:00  Probe (Chrono Boost)  
  33  4:02  Assimilator  
  35  4:03  Probe (Chrono Boost)  
  35  4:09  Probe (Chrono Boost)  
  35  4:11  Oracle (Chrono Boost)  
  35  4:13  Probe (Chrono Boost)  
  40  4:19  Probe  
  40  4:23  Pylon  
  41  4:34  Stargate  
  41  4:41  Probe  
  41  4:43  Oracle (Chrono Boost)  
  41  4:44  Probe  
  45  4:52  Gateway  
  46  4:54  Gateway  
  46  4:55  Gateway, Probe  
  46  4:59  Probe  
  48  5:00  Sentry  
  48  5:05  Probe  
  50  5:11  Probe  
  52  5:15  Stalker  
  52  5:16  Probe  
  55  5:23  Stalker, Probe  
  58  5:28  Probe  
  59  5:39  Probe  
  57  5:50  Nexus  
  57  5:51  Pylon  
  57  5:58  Stalker  
  57  5:59  Forge  
  57  6:02  Stalker  
  61  6:06  Stalker  
  61  6:07  Phoenix (Chrono Boost)  
  65  6:20  Assimilator  
  65  6:22  Assimilator  
  61  6:25  Gateway  
  61  6:28  Stalker  
  61  6:29  Phoenix (Chrono Boost)  
  63  6:37  Stalker  
  59  6:40  Stalker  
  39  6:49  Stalker  
Show
View Real Time Build Order
Export as new Build Order

Juxtapose Terran - Winner!

Build Orders:  

Get SALT Encoding   

  12  0:01  SCV  
  13  0:13  SCV  
  14  0:21  Supply Depot  
  14  0:25  SCV  
  15  0:43  SCV  
  15  0:45  Barracks  
  15  0:49  Supply Depot  
  16  0:55  SCV  
  17  1:00  Refinery  
  17  1:07  SCV  
  18  1:19  SCV  
  19  1:27  Refinery  
  19  1:33  Orbital Command  
  19  1:54  Engineering Bay  
  19  2:00  SCV  
  20  2:02  Barracks Reactor  
  20  2:12  Factory, SCV  
  21  2:27  SCV  
  22  2:36  Missile Turret  
  22  2:39  SCV  
  23  2:46  Command Center  
  23  2:52  Marine x2  
  23  2:55  SCV  
  26  3:05  Starport  
  26  3:25  Factory Reactor  
  26  3:26  Marine  
  26  3:27  Marine  
  28  3:41  Missile Turret  
  28  3:45  Starport Tech Lab  
  28  3:48  Marine x2  
  30  3:56  Terran Infantry Weapons Level 1  
  30  4:12  Cyclone x2  
  36  4:25  Orbital Command  
  36  4:33  Supply Depot  
  36  4:41  Liberator  
  36  4:44  Cyclone, SCV  
  36  4:45  Cyclone  
  43  4:52  SCV  
  44  4:56  SCV  
  48  5:00  Supply Depot  
  48  5:01  Marine x2  
  48  5:04  SCV  
  51  5:08  SCV  
  52  5:16  SCV  
  52  5:21  SCV  
  54  5:22  Marine x2  
  54  5:28  SCV  
  57  5:33  SCV  
  58  5:38  Refinery  
  58  5:39  Marine  
  58  5:40  SCV, Marine  
  58  5:41  Refinery  
  61  5:57  Marine  
  62  6:12  Supply Depot  
  62  6:19  Cyclone x2, Marine  
  68  6:36  Supply Depot  
  71  6:41  Marine x2  
Tags
 
Add a new tag
Caveats
  • Supply blocks, unpowered buildings, or Contaminate may cause inaccurate times.
  • Supply counts are checked every 10 seconds.